 Dungeon Crawl Stone Soup version 0.21-a0-173-g99db44b (webtiles) character file.

356 qqqbard the Twirler (level 6, 0/37 HPs)
             Began as a Gargoyle Gladiator on Aug 7, 2017.
             Killed from afar by an orc wizard (7 damage)
             ... with a magic dart
             ... on level 4 of the Dungeon.
             The game lasted 00:06:04 (3356 turns).

qqqbard the Twirler (Gargoyle Gladiator)            Turns: 3356, Time: 00:06:04

Health: 0/37       AC: 10    Str: 19    XL:     6   Next: 63%
Magic:  6/6        EV: 13    Int:  8    God:
Gold:   133        SH:  0    Dex: 12    Spells: 5/5 levels left

rFire    . . .     SeeInvis .   a - +0 quarterstaff
rCold    . . .     Gourm    .   (shield currently unavailable)
rNeg     + . .     Faith    .   b - +0 leather armour
rPois    ∞         Spirit   .   c - +0 helmet
rElec    +         Reflect  .   (no cloak)
rCorr    .         Harm     .   C - +0 pair of gloves
MR       .....                  (no boots)
Stlth    +.........             (no amulet)
HPRegen  0.12/turn              (no ring)
MPRegen  0.10/turn              (no ring)

@: slowed, very slow
A: negative energy resistance 1, electricity resistance, unbreathing,
petrification resistance, rot immunity, AC +4
a: no special abilities


You were on level 4 of the Dungeon.
You were not hungry.

You visited 1 branch of the dungeon, and saw 4 of its levels.

You collected 133 gold pieces.

Inventory:

Hand Weapons
 a - a +0 quarterstaff (weapon)
Missiles
 d - 3 throwing nets (quivered)
Armour
 b - a +0 leather armour (worn)
 c - a +0 helmet (worn)
 C - a +0 pair of gloves (worn)
Jewellery
 j - an uncursed ring of flight {unknown}
 w - a cursed ring of teleportation {unknown}
Scrolls
 g - 3 scrolls of remove curse
 h - a scroll of blinking {unknown}
 k - a scroll of noise {unknown}
 m - a scroll of enchant weapon {unknown}
 q - 3 scrolls of identify
 t - a scroll of teleportation {unknown}
 u - a scroll of magic mapping {unknown}
 v - a scroll of fear {unknown}
 x - 3 scrolls of fog {unknown}
Potions
 e - a potion of flight {unknown}
 i - a potion of magic {unknown}
 l - 2 potions of curing {unknown}
 n - a potion of might {unknown}
 o - a potion of brilliance {unknown}
 r - 2 potions of lignification {unknown}
 z - a potion of ambrosia {unknown}
 B - 2 potions of agility {unknown}
Comestibles
 f - 7 bread rations
 p - 4 meat rations
 A - a royal jelly


   Skills:
 + Level 3.5 Fighting
 * Level 5.2 Staves
 - Level 1.7 Throwing
 + Level 3.1 Armour
 + Level 3.3 Dodging


You had 5 spell levels left.
You didn't know any spells.

Dungeon Overview and Level Annotations

Branches:
Dungeon (4/15)
 Temple: D:4-7

Altars:
Cheibriados
Elyvilon
Fedhas
The Shining One


Innate Abilities, Weirdness & Mutations

You are resistant to torment.
Your stone body is resilient. (AC +4)
You are immune to poison.
You resist negative energy. (rN+)
You are resistant to electric shocks. (rElec)
You can survive without breathing.
You are immune to petrification.
You are immune to rotting.


Message History

The orc wizard hits you but does no damage.
The orc wizard closely misses you.
The orc wizard hits you but does no damage.
You barely miss the orc wizard.
The orc wizard is almost dead.
The orc wizard points at you and mumbles some strange words.
The magic dart hits you!
* * * LOW HITPOINT WARNING * * *
The orc wizard barely misses you.
The orc wizard hits you with a dagger of speed.
* * * LOW HITPOINT WARNING * * *
The orc wizard hits you but does no damage.
The orc wizard misses you.
The orc wizard gestures wildly while chanting.
The orc wizard blinks!
You barely miss the orc wizard.
The orc wizard is severely wounded.
The orc wizard gestures at you while chanting.
The magic dart hits you!
You die...

#.#
#........#
###.#
#.(#####.#
..#.#####..#
#.#
#.#........#
#.#
#.###.###..#
#.#
#..........#
#.#
##.........#
#<#
#...≈≈≈....#
#o#
#..≈≈≈≈≈...#
#@#
#..≈≈♣≈≈...#
#§#
#..≈≈≈≈≈...#
#o#
♣[..≈≈≈...♣#
.o#
♣♣.......♣♣
..#
♣♣.....♣♣
#..# ♣♣...♣♣
#..#
♣♣....†♣♣
o..#
♣♣(......♣♣


You could see 2 orc wizards and 2 orcs.

Vanquished Creatures
  2 scorpions (D:4)
  2 orc priests
  A worker ant (D:4)
  Robin (D:2)
  5 adders
  2 oozes
  A worm (D:3)
  5 dart slugs
  8 orcs
  6 giant cockroaches
  11 goblins
  11 hobgoblins
  7 jackals
  2 quokkas (D:2)
  5 bats
  4 frilled lizards
  7 kobolds
  9 rats
89 creatures vanquished.

Notes
Turn   | Place    | Note
-------+----------+-------------------------------------------
     0 | D:1      | qqqbard the Gargoyle Gladiator began the quest for the Orb.
     0 | D:1      | Reached XP level 1. HP: 12/12 MP: 1/1
   258 | D:1      | Reached XP level 2. HP: 10/17 MP: 2/2
   493 | D:1      | Reached skill level 1 in Armour
   713 | D:1      | Reached XP level 3. HP: 11/22 MP: 3/3
  1515 | D:2      | Reached XP level 4. HP: 27/27 MP: 4/4
  1549 | D:2      | Found a snail-covered altar of Cheibriados.
  1620 | D:2      | Found a glowing golden altar of the Shining One.
  1732 | D:2      | Noticed Robin
  1738 | D:2      | Reached skill level 4 in Staves
  1773 | D:2      | Killed Robin
  2392 | D:3      | Reached XP level 5. HP: 30/31 MP: 5/5
  2614 | D:3      | Found a blossoming altar of Fedhas.
  2943 | D:4      | Reached XP level 6. HP: 32/37 MP: 6/6
  2961 | D:4      | Found a white marble altar of Elyvilon.
  2972 | D:4      | Reached skill level 5 in Staves
  3356 | D:4      | Killed from afar by an orc wizard

Vault maps used:
D:1:      lemuel_arrival_lava_pool
D:2:      cheibriados_altar_1, first_bread, supply_closet_lemuel,
          minmay_fountain_box, lemuel_tele_altar, uniq_robin
D:3:      fedhas_altar_1, minmay_vboxes
D:4:      elyvilon_altar_3

Skill      XL: |  1  2  3  4  5  6 |
---------------+-------------------+-----
Armour         | 1 2 3 |  3.1
Staves         | 4 5 |  5.2
Dodging        | 3 |  3.3
Fighting       | 3 |  3.5
Throwing       | |  1.7

Action                   |  1- 3 |  4- 6 || total
-------------------------+-------+-------++-------
Melee: Quarterstaff      |   132 |   206 ||   338
  Use: Scroll            |       |     2 ||     2
 Stab: Sleeping          |     1 |       ||     1
  Eat: Chunk             |     1 |     7 ||     8
Armor: Leather armour    |    80 |    71 ||   151
Dodge: Dodged            |   115 |   137 ||   252
